 Dungeon Crawl Stone Soup version 0.31.0-11-ge490571c62 (webtiles) character file.

Game seed: 14491162947637248491

142 qw the Skirmisher (level 5, -6/29 HPs)
             Began as a Deep Elf Hunter on Feb 5, 2024.
             Mangled by an ogre
             ... wielding a +0 giant club
              (23 damage)
             ... on level 4 of the Dungeon.
             The game lasted 00:00:42 (2328 turns).

qw the Skirmisher (Deep Elf Hunter)                 Turns: 2328, Time: 00:00:43

Health: -6/29      AC:  6    Str: 10    XL:     5   Next: 4%
Magic:  7/7        EV: 11    Int: 14    God:
Gold:   211        SH:  0    Dex: 18    Spells: 4/4 levels left

rFire   . . .        a - +1 shortbow
rCold   . . .        (shield currently unavailable)
rNeg    . . .        k - +0 ring mail
rPois   .            (no helmet)
rElec   .            (no cloak)
rCorr   +            l - +0 pair of gloves
SInv    .            (no boots)
Will    .....        (no amulet)
Stlth   +            j - ring of resist corrosion
HPRegen 0.24/turn    (no ring)
MPRegen 0.10/turn

%: no passive effects
@: no status effects
A: no striking features
a: no special abilities


You were on level 4 of the Dungeon.
You visited 1 branch of the dungeon, and saw 4 of its levels.

You collected 211 gold pieces.


   Skills:
 - Level 1.5 Fighting
 + Level 8.4 Ranged Weapons
 - Level 2.4 Dodging
 - Level 1.2 Stealth


You had 4 spell levels left.
You didn't know any spells.
Your spell library was empty.

Inventory:

Hand Weapons
 a - a +1 shortbow (weapon)
Armour
 k - a +0 ring mail (worn)
 l - a +0 pair of gloves (worn)
Jewellery
 j - a ring of resist corrosion (left hand)
Potions
 d - a potion of mutation
 e - 2 potions of might
 g - a potion of curing
 i - 2 potions of cancellation

Dungeon Overview and Level Annotations

Branches:
Dungeon (4/15)
 Temple: D:4-7

Altars:


Message History

2141 ||| READING scroll of teleportation.
As you read the scroll of teleportation, it crumbles to dust.
You feel strangely unstable.
You shoot an arrow. The arrow barely misses the ogre.
The ogre closely misses you.
You shoot an arrow. The arrow hits the ogre!
The ogre is severely wounded.
The ogre closely misses you.
You shoot an arrow. The arrow barely misses the ogre.
Your surroundings suddenly seem different.
You start resting.
HP restored.
Found 3 stones.
You see here 3 stones.
A kobold comes into view. It is wielding a +0 short sword.
The kobold shouts!
You shoot an arrow. The arrow hits the kobold!
You kill the kobold!
You shoot an arrow. The ogre shouts!
The arrow hits the ogre!
The ogre is moderately wounded.
You shoot an arrow. The arrow barely misses the ogre.
You shoot an arrow. The arrow hits the ogre.
The ogre is moderately wounded.
You shoot an arrow. The arrow hits the ogre.
The ogre is severely wounded.
You shoot an arrow.
The arrow hits the ogre but does no damage.
The ogre is severely wounded.
You shoot an arrow. The arrow barely misses the ogre.
The ogre barely misses you.
You shoot an arrow. The arrow hits the ogre.
The ogre is almost dead.
The ogre hits you with a +0 giant club!
You shoot an arrow. The arrow hits the ogre.
The ogre is almost dead.
The ogre hits you with a +0 giant club!!
Ouch! That really hurt!
You die...

#.....................(
#.#####################
#.# #.###########
#...........#
#)..........#
#...........##
#.............
#.##..@...#..
.......O$......
######..........
#....##.... #....# ...
...... .. #....... .
+.......


You could see an ogre.

Vanquished Creatures
  A phantom (D:4)
  2 adders
  A dart slug (D:2)
  2 ribbon worms (D:3)
  An orc (D:3)
  4 bats
  5 endoplasms
  5 giant cockroaches
  4 goblins
  4 hobgoblins
  3 quokkas
  2 ball pythons
  2 frilled lizards
  3 kobolds
  A rat (D:1)
40 creatures vanquished.

Notes
Turn   | Place    | Note
-------+----------+-------------------------------------------
     0 | D:1      | qw the Deep Elf Hunter began the quest for the Orb.
     0 | D:1      | Reached XP level 1. HP: 12/12 MP: 3/3
     0 | D:1      | 0 ||| qw: Version: 0.3-a-160-g6735b56
     0 | D:1      | 0 ||| qw: Game counter: 6249
     0 | D:1      | 0 ||| qw: Melee chars always use a shield: true
     0 | D:1      | 0 ||| qw: God list: Okawaru
     0 | D:1      | 0 ||| qw: Allow faded altars: false
     0 | D:1      | 0 ||| qw: Do Orc after clearing Dungeon:15 true
     0 | D:1      | 0 ||| qw: Do second Lair branch before Depths: true
     0 | D:1      | 0 ||| qw: Lair rune preference: random
     0 | D:1      | 0 ||| qw: Goals: Normal
     0 | D:1      | 0 ||| PLANNING D:1-11
   601 | D:1      | Reached skill level 6 in Ranged Weapons
   601 | D:1      | Reached XP level 2. HP: 16/16 MP: 4/4
   773 | D:1      | 773 ||| READING scroll labelled IWOIRI TILAWN.
   774 | D:1      | 774 ||| DROPPING scroll of butterflies.
  1059 | D:2      | Reached XP level 3. HP: 20/20 MP: 5/5
  1062 | D:2      | Found a faded altar of an unknown god.
  1352 | D:2      | 1352 ||| READING scroll labelled HATEIB WOSMU.
  1389 | D:2      | 1389 ||| READING 2 scrolls labelled NUQOCV ITZINUPN.
  1389 | D:2      | 1389 ||| IDENTIFYING fuming brown potion
  1390 | D:2      | 1390 ||| READING scroll of identify.
  1390 | D:2      | 1390 ||| IDENTIFYING murky brown potion
  1391 | D:2      | 1391 ||| READING scroll labelled DIVIME ZUUMO.
  1392 | D:2      | 1392 ||| READING scroll labelled ULENAPP DOIPT.
  1480 | D:3      | Reached skill level 7 in Ranged Weapons
  1958 | D:3      | 1958 ||| UPGRADING to +0 ring mail.
  1968 | D:3      | 1968 ||| DROPPING +0 leather armour.
  1969 | D:3      | 1969 ||| UPGRADING to +0 pair of gloves.
  1974 | D:3      | 1974 ||| UPGRADING to ring of resist corrosion.
  1975 | D:3      | 1975 ||| READING 3 scrolls of identify.
  1975 | D:3      | 1975 ||| IDENTIFYING fizzy orange potion
  1976 | D:3      | 1976 ||| READING 2 scrolls of identify.
  1976 | D:3      | 1976 ||| IDENTIFYING 2 yellow potions
  1977 | D:3      | 1977 ||| READING scroll of identify.
  1977 | D:3      | 1977 ||| IDENTIFYING scroll labelled HYR DAEHUTS
  1978 | D:3      | 1978 ||| READING scroll of enchant weapon.
  1978 | D:3      | 1978 ||| ENCHANTING +0 shortbow.
  2019 | D:4      | Noticed a phantom
  2038 | D:4      | Killed a phantom
  2039 | D:4      | Reached skill level 8 in Ranged Weapons
  2039 | D:4      | Reached XP level 4. HP: 14/25 MP: 6/6
  2125 | D:4      | Reached XP level 5. HP: 29/29 MP: 7/7
  2136 | D:4      | Noticed an ogre
  2140 | D:4      | HP: 1/29 [ogre/+0 giant club (28)]
  2141 | D:4      | 2141 ||| READING scroll of teleportation.
  2328 | D:4      | Mangled by an ogre

Levels and vault maps discovered:
D:1:      amcnicky_arrival_choice, layout_basic, nicolae_kite_square_tiling_tiny
D:2:      layout_basic, chequers_ecumenical_altar_simple
D:3:      layout_basic, minmay_misc_feat_four_crosses, grunt_decor_one_mirror
D:4:      layout_basic, mainiacjoe_overflow_alcove_4, grunt_ministairs_6,
          uniq_duvessa

Skill      XL: |  1  2  3 |
---------------+----------+-----
Ranged Weapons | 6 8 |  8.4
Fighting       | |  1.5
Dodging        | |  2.4
Stealth        | |  1.2

Action                     |  1- 3 |  4- 6 || total
---------------------------+-------+-------++-------
   Fire: Shortbow          |   118 |    20 ||   138
    Use: Scroll            |    10 |     1 ||    11
 Armour: Leather armour    |     5 |       ||     5
         Ring mail         |     9 |     3 ||    12
  Dodge: Dodged            |    22 |     5 ||    27

Table legend:
 A = Non-vault XP
 B = Vault XP
 C = Vault XP percentage of total XP
 D = Non-vault monster count
 E = Vault monster count
 F = Vault count percentage of total count
                 A         B        C        D         E       F
            +---------+---------+-------+---------+---------+-------
      Total |     204 |       0 |   0.0 |      40 |       0 |   0.0
            +---------+---------+-------+---------+---------+-------
        D:1 |      17 |       0 |   0.0 |      10 |       0 |   0.0
        D:2 |      29 |       0 |   0.0 |      15 |       0 |   0.0
        D:3 |      34 |       0 |   0.0 |      10 |       0 |   0.0
        D:4 |     124 |       0 |   0.0 |       5 |       0 |   0.0
            +---------+---------+-------+---------+---------+-------
